 Dungeon Crawl Stone Soup version 0.31-a0-986-g5e6e4ef867 (webtiles) character file.

Game seed: 11143211322298816641

76963 avis the Spry (level 15, -4/75 HPs)
             Began as a Felid Shapeshifter on Nov 18, 2023.
             Was an Initiate of Gozag.
             Blown up by an orb spider (19 damage)
             ... with a wavering orb of destruction
             ... on level 1 of the Spider Nest on Nov 19, 2023.
             The game lasted 02:40:00 (27196 turns).

avis the Spry (Felid Shapeshifter)                 Turns: 27196, Time: 02:40:00

Health: -4/75      AC:  7    Str: 13    XL:     15   Next: 14%
Magic:  17/17      EV: 33    Int: 15    God:    Gozag
Gold:   4810       SH:  0    Dex: 20    Spells: 12/16 levels left
                                        Lives:  0   Deaths: 5

rFire   . .          .
                       - Unarmed
rCold   + . .        (shield unavailable)
rNeg    . . .        (body armour unavailable)
rPois   +            (helmet unavailable)
rElec   .            (cloak unavailable)
rCorr   .            (gloves unavailable)
SInv    +            (boots unavailable)
Will    ++...        b - amulet of regeneration
Stlth   ++           x - ring "Ahoiddor" {AC+4 Str+3}
HPRegen 1.12/turn    n - ring of poison resistance
MPRegen 0.15/turn

%: no passive effects
@: blade hands, gold aura, quick
A: very small, (claws 1), fangs 3, see invisible, speed 1, shaggy fur 3,
(stealthy paws), no weapons or thrown items, no armour, multi-lived
a: Begin Untransformation, Renounce Religion, Potion Petition, Call Merchant,
Bribe Branch


You were on level 1 of the Spider Nest.
You worshipped Gozag.
Gozag was most pleased with you.
You had blades for front paws.
You visited 5 branches of the dungeon, and saw 20 of its levels.
You also visited: Bailey and Volcano.

You collected 8625 gold pieces.
You spent 1815 gold pieces at shops.
You paid 2000 gold pieces to Gozag.

Inventory:

Jewellery
 b - an amulet of regeneration (around neck)
 n - a ring of poison resistance (right blade hand)
 w - a ring of fire
 x - the ring "Ahoiddor" (left blade hand) {AC+4 Str+3}
   (You took it off an orc warrior in a bailey)

   [ring of protection]

   AC+4:      It affects your AC (+4).
   Str+3:     It affects your strength (+3).
Talismans
 l - a blade talisman (active)
 s - a serpent talisman
Wands
 j - a wand of flame (31)
 r - a wand of mindburst (7)
 u - a wand of iceblast (6)
 y - a wand of digging (1)
 A - a wand of polymorph (7)
 B - a wand of light (7)
 I - a wand of paralysis (16)
Scrolls
 d - 3 scrolls of fear
 e - 8 scrolls of teleportation
 f - a scroll of fog
 h - a scroll of silence
 k - 3 scrolls of poison
 o - a scroll of blinking
 J - 3 scrolls of butterflies
Potions
 a - a potion of haste {unknown}
 c - 4 potions of curing
 i - 2 potions of magic
 q - 2 potions of brilliance
 F - 2 potions of resistance
 K - 3 potions of ambrosia
 L - a potion of cancellation
Miscellaneous
 C - a condenser vane


   Skills:
 * Level 13.9 Fighting
 - Level 18.0 Dodging
 * Level 13.9 Unarmed Combat
 - Level 1.0 Spellcasting
 + Level 1.9 Transmutations
 * Level 13.9 Shapeshifting


You had 12 spell levels left.
You knew the following spells:

 Your Spells              Type           Power      Damage    Failure   Level
a - Passwall              Tmut/Erth      2%         N/A       26%         2
e - Wereblood             Tmut           6%         N/A       17%         2

Your spell library contained the following spells:

 Spells                   Type           Power      Damage    Failure   Level
 Sandblast                Erth           0%         2d4       24%         1
 Shock                    Conj/Air       0%         1d3       24%         1
 Hailstorm                Conj/Ice       0%         3d3       58%         3
 Stone Arrow              Conj/Erth      0%         3d7       58%         3
 Swiftness                Air            0%         N/A       58%         3
 Tukima's Dance           Hex            0%         N/A       58%         3
 Airstrike                Air            0%         2d(0-16)  94%         4
 Brom's Barrelling Bould  Conj/Erth      0%         2d3       94%         4
 Iskenderun's Mystic Bla  Conj/Tloc      0%         2d3       94%         4
 Leda's Liquefaction      Hex/Erth       0%         N/A       94%         4
 Summon Ice Beast         Ice/Summ       0%         N/A       94%         4
 Irradiate                Conj/Tmut      1%         3d12      99%         5
 Lee's Rapid Deconstruct  Erth           0%         3d4*      100%        5
 Bombard                  Conj/Erth      0%         9d1       100%        6
 Haunt                    Necr/Summ      0%         N/A       100%        7
 Infestation              Necr           0%         N/A       100%        8
 Animate Dead             Necr           Unusable   N/A       N/A         4
 Dimensional Bullseye     Hex/Tloc       Unusable   N/A       N/A         4
 Simulacrum               Ice/Necr       Unusable   N/A       N/A         6

Dungeon Overview and Level Annotations

Branches:
Dungeon (11/15)            Temple (1/1) D:5            Lair (5/5) D:10
 Shoals (0/4) Lair:3       Spider (1/4) Lair:3        Slime (0/5) Lair:4
    Orc (2/2) D:11            Elf (0/3) Orc:2        Bailey (visited)
Volcano (visited)

Altars:
Ashenzari
Cheibriados
Dithmenos
Elyvilon
Fedhas
Gozag
Hepliaklqana
Kikubaaqudgha
Makhleb
Nemelex Xobeh
Okawaru
Qazlal
Ru
Sif Muna
Trog
Uskayaw
Vehumet
Wu Jian
Xom
Yredelemnul
Zin
The Shining One
Jiyva

Shops:
D:4 *   D:10 *   Orc:1 =   Orc:2 ([[((   Lair:1 =

Annotations:
D:7 Can't reach some places.
D:10 3 runed translucent doors, Stellion's ghost, journeyman HOFi


Innate Abilities, Weirdness & Mutations

You have blades for front paws.
((You have sharp claws.))
You have razor-sharp teeth.
You have supernaturally acute eyesight. (SInv)
You cover ground quickly. (Speed+)
Your thick and shaggy fur keeps you warm. (AC +3, rC+)
((Your paws help you pounce on unaware monsters.))
You are incapable of wielding weapons or throwing items.
You cannot wear armour.
You gain extra lives every three experience levels.


Message History

You closely miss the sun moth.
The orb spider weaves a glowing orb of energy.
The sun moth completely misses you.
An orb of destruction comes into view.
The sun moth attacks as it pursues you! The sun moth completely misses you.
You slash the orb spider!
The orb spider is heavily wounded.
You slice the sun moth!!
The sun moth is moderately wounded.
The sun moth bites you but does no damage.
You barely miss the sun moth.
The sun moth is moderately wounded.
The sun moth throws sticky fire at you. The sticky flame hits you.
You are covered in liquid flames!
The orb spider spins a strand of pure energy.
You shred the sun moth!!!
The sun moth is severely wounded.
You are covered in liquid flames!
The sun moth bites you!!
You slice the sun moth!!
You kill the sun moth!
You are covered in liquid flames!
You are covered in liquid flames!
The orb spider weaves a glowing orb of energy.
An orb of destruction comes into view.
You slash the orb spider!
The orb spider is severely wounded.
The wavering orb of destruction hits you!!!
* * * LOW HITPOINT WARNING * * *
The orb spider spins a strand of pure energy.
You slash the orb spider!
You bite the orb spider, but do no damage.
The orb spider is almost dead.
You closely miss the orb spider.
You bite the orb spider, but do no damage.
The orb spider is almost dead.
The orb spider weaves a glowing orb of energy.
The wavering orb of destruction weakly hits you!!
You die...

.... .....# ... .....
#...... ... ......
....... ... ......
....... ... ......
....... ...
....##.......# ...
#.####..s.......# ..#
### .......@.......# #.
##.######..°.......#
####.....####.........#
##.#.......# ##.$^.....#
###........## ##...#####
##.###......# ##...# ###
.#.###.#....###...$##..#
###.#.##......##......#
# ##..##....#.........#


You could see an orb spider.

Vanquished Creatures
  A fire dragon (Volcano)
  3 entropy weavers
  2 hydras (Lair:5)
  Erolcha (D:9)
  2 boulder beetles
  9 two-headed ogres
  Erica (D:9)
  2 demonic crawlers (Spider:1)
  8 orc high priests (Orc:2)
  A pharaoh ant (Spider:1)
  2 goliath frogs (Lair:5)
  Amaemon (D:8)
  Nergalle (Lair:3)
  A sun moth (Spider:1)
  A glowing orange brain (D:10)
  A steelbarb worm (shapeshifter) (D:10)
  2 steelbarb worms (Spider:1)
  An orc sorcerer (Orc:1)
  A wolf spider (Spider:1)
  2 cyclopes
  3 salamanders (Volcano)
  4 ugly things (D:10)
  6 black mambas
  2 torpor snails
  A gargoyle (D:9)
  22 cane toads
  An orange demon (D:8)
  A rime drake (Lair:1)
  10 komodo dragons
  A polar bear (Lair:2)
  8 trolls
  2 tyrant leeches (Lair:5)
  A hornet (Lair:2)
  7 tarantellas (Spider:1)
  30 blink frogs
  7 dream sheep (Lair:5)
  Sigmund (D:5)
  5 culicivoras
  6 jumping spiders (Spider:1)
  2 wraiths (D:10)
  8 wyverns
  41 yaks
  9 fire bats
  2 fire elementals (Lair:2)
  3 basilisks
  9 steam dragons
  5 vampire mosquitoes (Lair:5)
  12 redbacks
  Grum (D:8)
  Edmund (D:4)
  Menkaure (D:4)
  8 wargs
  An acid dragon (D:10)
  11 water moccasins
  24 orc warriors
  3 sky beasts (D:7)
  A black bear (Lair:3)
  7 ogres
  An ice beast (D:8)
  6 centaurs
  2 wolves (D:8)
  A phantom (D:5)
  10 kobold brigands
  16 bullfrogs
  3 gnoll sergeants
  3 scorpions
  12 wights
  30 killer bees
  5 howler monkeys
  An electric eel (Lair:5)
  3 hounds
  Crazy Yiuf (D:2)
  6 gnoll boudas
  3 jellies
  40 orc priests
  Terence (D:3)
  Jessica (D:3)
  Ijyb (D:3)
  14 orc wizards
  2 iguanas
  7 hell rats (Lair:4)
  32 gnolls
  9 adders
  2 ufetubi (D:6)
  3 dart slugs
  88 orcs
  7 bats
  6 endoplasms
  2 giant cockroaches
  9 goblins
  6 hobgoblins
  9 jackals
  24 kobolds
  4 quokkas
  12 ball pythons
  5 frilled lizards
  8 rats
705 creatures vanquished.

Notes
Turn   | Place    | Note
-------+----------+-------------------------------------------
     0 | D:1      | avis the Felid Shapeshifter began the quest for the Orb.
     0 | D:1      | Reached XP level 1. HP: 9/9 MP: 2/2
   172 | D:1      | Reached XP level 2. HP: 8/13 MP: 3/3
   281 | D:1      | Reached skill level 3 in Dodging
   422 | D:1      | Reached XP level 3. HP: 16/16 MP: 4/4
   884 | D:2      | Reached skill level 4 in Dodging
   884 | D:2      | Reached XP level 4. HP: 21/21 MP: 5/5
   914 | D:2      | Found a snail-covered altar of Cheibriados.
   962 | D:2      | Found a runed translucent door.
  1642 | D:3      | Noticed Ijyb
  1659 | D:3      | Paralysed by Ijyb for 3 turns
  1668 | D:3      | Killed Ijyb
  1884 | D:3      | Noticed Terence
  1904 | D:3      | Reached XP level 5. HP: 24/25 MP: 6/6
  1918 | D:3      | Killed Terence
  1922 | D:3      | Reached skill level 5 in Dodging
  2057 | D:3      | Noticed Jessica
  2068 | D:3      | Killed Jessica
  2271 | D:4      | Gained mutation: You are covered in thick fur. (AC +2)
                  | [Felid growth]
  2271 | D:4      | Reached XP level 6. HP: 25/28 MP: 7/7
  2351 | D:4      | Identified the amulet of Equivalence {RegenMP rC+ rN+ rCorr
                  | Dex-2}
  2439 | D:4      | Found Horibezo's CLEARANCE SALE!.
  2480 | D:4      | Noticed Menkaure
  2493 | D:4      | Killed Menkaure
  2494 | D:4      | Reached skill level 5 in Shapeshifting
  2694 | D:4      | Reached skill level 6 in Dodging
  2973 | D:4      | Noticed Edmund
  2988 | D:4      | Killed Edmund
  2989 | D:4      | Reached XP level 7. HP: 32/32 MP: 8/8
  3102 | D:4      | Found an opulent altar of Gozag.
  3105 | D:4      | Became a worshipper of Gozag Ym Sagoz the Greedy
  3196 | D:4      | Bought a potion of invisibility for 24 gold pieces
  3217 | D:5      | Entered Level 5 of the Dungeon
  3356 | D:5      | Noticed a steam dragon
  3446 | D:5      | Killed a steam dragon
  3684 | D:5      | Found a shimmering altar of Xom.
  3832 | D:5      | Found a staircase to the Ecumenical Temple.
  3838 | Temple   | Entered the Ecumenical Temple
  3906 | D:5      | Noticed Sigmund
  3924 | D:5      | Killed Sigmund
  3925 | D:5      | Reached skill level 7 in Dodging
  4158 | D:5      | Reached XP level 8. HP: 36/36 MP: 9/9
  4226 | D:5      | Reached skill level 5 in Fighting
  4322 | D:5      | Found a broken altar of Ashenzari.
  4342 | D:5      | Reached skill level 8 in Dodging
  4867 | D:6      | Found a hazy altar of Hepliaklqana.
  5355 | D:6      | Found an iron altar of Okawaru.
  5355 | D:6      | Found a runed translucent door.
  5360 | D:6      | Found the +0 toga "Victory" {*Victory Clar}
  5762 | D:7      | Reached skill level 9 in Dodging
  6112 | D:7      | Reached skill level 10 in Dodging
  6112 | D:7      | Reached XP level 9. HP: 18/40 MP: 10/10
  6423 | D:7      | Found a shadowy altar of Dithmenos.
  6571 | D:7      | Reached skill level 11 in Dodging
  6873 | D:7      | HP: 2/40 [orc wizard/puff of flame (11)]
  7115 | D:7      | Reached skill level 10 in Shapeshifting
  7423 | D:7      | Reached skill level 12 in Dodging
  7779 | D:8      | Noticed a troll
  7792 | D:7      | Slain by a troll
  7905 | D:7      | Reached XP level 10. HP: 43/44 MP: 11/11
  7925 | D:7      | Reached skill level 5 in Unarmed Combat
  8532 | D:8      | Noticed a two-headed ogre
  8540 | D:8      | Killed a two-headed ogre
  8541 | D:8      | Reached skill level 13 in Dodging
  9118 | D:8      | Noticed Amaemon
  9119 | D:8      | Noticed an orange demon
  9149 | D:8      | Killed Amaemon
  9155 | D:8      | Killed an orange demon
  9173 | D:8      | Noticed Grum
  9284 | D:8      | Killed Grum
  9325 | D:8      | Found an ornate altar of the Wu Jian Council.
  9621 | D:9      | Found a flagged portal.
  9631 | D:8      | Reached skill level 14 in Dodging
  9768 | Bailey   | Entered a bailey
  9987 | Bailey   | Slain by an orc warrior
 10008 | Bailey   | Identified the +10 gold dragon scales "Tosaikk" {rPois rF+
                  | rC+ rN++ Regen+ Str+2 Int-4}
 10008 | Bailey   | Identified the ring "Ahoiddor" {AC+4 Str+3}
 10017 | Bailey   | Reached skill level 15 in Dodging
 10130 | Bailey   | Found an iron altar of Okawaru.
 10136 | Bailey   | Identified the staff of Wu Jian's Inspiration {rElec rC+
                  | Dex+6 Stlth- Ice}
 10334 | D:9      | Reached XP level 11. HP: 34/47 MP: 12/12
 10493 | D:9      | Found a sacrificial altar of Ru.
 10496 | D:9      | Found a basalt altar of Yredelemnul.
 10499 | D:9      | Found a bloodstained altar of Trog.
 10533 | D:9      | Noticed Erica
 10547 | D:9      | Killed Erica
 10813 | D:9      | Noticed a two-headed ogre
 10821 | D:9      | Killed a two-headed ogre
 10858 | D:9      | Slain by a troll
 10923 | D:9      | Noticed Erolcha
 10932 | D:9      | Killed Erolcha
 10933 | D:9      | Reached skill level 16 in Dodging
 11395 | D:10     | Entered Level 10 of the Dungeon
 11395 | D:10     | Found Hilulaut's Gadget Gallery.
 11474 | D:10     | Noticed a two-headed ogre
 11493 | D:10     | Killed a two-headed ogre
 11567 | D:10     | Found a staircase to the Lair.
 11717 | D:10     | Found a runed translucent gate.
 11717 | D:10     | Found a runed translucent gate.
 11718 | D:10     | Found a runed translucent gate.
 11719 | D:10     | Noticed a death drake
 11719 | D:10     | a death drake changed into a culicivora
 11720 | D:10     | Noticed a red ugly thing
 11720 | D:10     | Noticed a red ugly thing
 11720 | D:10     | a culicivora changed into a lindwurm
 11720 | D:10     | Noticed a lindwurm (glowing shapeshifter)
 11720 | D:10     | Noticed a glowing orange brain
 11721 | D:10     | a lindwurm changed into a glowing orange brain
 11721 | D:10     | Noticed a glowing orange brain (glowing shapeshifter)
 11721 | D:10     | Noticed a white ugly thing
 11722 | D:10     | Noticed a brown ugly thing
 11818 | D:10     | Noticed a two-headed ogre
 11839 | D:10     | Killed a two-headed ogre
 12446 | Lair:1   | Entered Level 1 of the Lair of Beasts
 12547 | Lair:1   | Reached skill level 17 in Dodging
 12607 | Lair:1   | Noticed a boulder beetle
 12789 | Lair:1   | Killed a boulder beetle
 12987 | Lair:1   | Gained mutation: Your thick and shaggy fur keeps you warm.
                  | (AC +3, rC+) [Felid growth]
 12987 | Lair:1   | Reached XP level 12. HP: 55/55 MP: 13/13
 13919 | Lair:1   | Reached skill level 10 in Fighting
 14231 | Lair:2   | Identified the ring "Jexecs" {*Corrode rC+ MP+9 Str+5}
 14592 | Lair:2   | Reached skill level 18 in Dodging
 15134 | D:11     | Noticed a two-headed ogre
 15147 | D:11     | Killed a two-headed ogre
 15403 | D:11     | Found a staircase to the Orcish Mines.
 16189 | D:2      | Noticed Crazy Yiuf
 16196 | D:2      | Killed Crazy Yiuf
 16638 | D:10     | a culicivora changed into a two-headed ogre
 16638 | D:10     | Noticed a two-headed ogre (glowing shapeshifter)
 16659 | D:10     | a glowing orange brain changed into a two-headed ogre
 16659 | D:10     | Noticed a two-headed ogre (glowing shapeshifter)
 16661 | D:10     | Reached XP level 13. HP: 46/61 MP: 14/14
 16703 | D:10     | Demolished by a red ugly thing
 16718 | D:10     | Reached skill level 10 in Unarmed Combat
 16807 | D:10     | Found a runed translucent gate.
 16807 | D:10     | Found a runed translucent gate.
 16810 | D:10     | Found a runed translucent gate.
 16810 | D:10     | Noticed a cacodemon
 16821 | D:10     | Noticed Stellion's ghost (journeyman HOFi)
 17482 | Lair:3   | Noticed Nergalle
 17493 | Lair:3   | Killed Nergalle
 17629 | Lair:3   | Found a hole to the Spider Nest.
 17831 | Lair:3   | Found a staircase to the Shoals.
 18627 | Lair:4   | Found a staircase to the Slime Pits.
 18627 | Lair:4   | Found a viscous altar of Jiyva.
 19577 | D:10     | Bought a wand of light (2) for 126 gold pieces
 19577 | D:10     | Bought a wand of mindburst (3) for 63 gold pieces
 19577 | D:10     | Bought a wand of paralysis (4) for 144 gold pieces
 19577 | D:10     | Bought a wand of iceblast (6) for 216 gold pieces
 19577 | D:10     | Bought a wand of digging (4) for 252 gold pieces
 19577 | D:10     | Bought a condenser vane for 600 gold pieces
 20050 | Lair:5   | Entered Level 5 of the Lair of Beasts
 21206 | Lair:5   | Reached XP level 14. HP: 69/69 MP: 15/15
 21257 | Lair:5   | Learned a level 2 spell: Wereblood
 21468 | Lair:5   | Reached skill level 1 in Transmutations
 21516 | Lair:5   | Reached skill level 1 in Spellcasting
 22424 | Orc:1    | Entered Level 1 of the Orcish Mines
 22765 | Orc:1    | Found Riferph's Jewellery Emporium.
 22835 | Orc:1    | Found a dark tunnel.
 22844 | Volcano  | Entered a volcano
 23051 | Volcano  | Shot with an arrow by a salamander
 24083 | Orc:1    | Learned a level 2 spell: Passwall
 24264 | Orc:2    | Entered Level 2 of the Orcish Mines
 24430 | Orc:2    | Found Gehuc's Antique Armour Shoppe.
 24646 | Orc:2    | Found a staircase to the Elven Halls.
 25004 | Orc:2    | HP: 2/70 [orc priest/divine providence (15)]
 25078 | Orc:2    | Found Jiumyf's Antique Armour Boutique.
 25287 | Orc:2    | Found Elien's Antique Weapon Shoppe.
 25556 | Orc:2    | Found Tasmos's Weapon Boutique.
 25556 | Orc:2    | Found Yjas's Weapon Shoppe.
 26176 | Orc:1    | Bought an amulet of regeneration for 390 gold pieces
 26413 | Spider:1 | Entered Level 1 of the Spider Nest
 26804 | Spider:1 | Reached XP level 15. HP: 75/75 MP: 17/17
 27196 | Spider:1 | Blown up by an orb spider

Illustrated notes

Levels and vault maps discovered:
D:1:      dpeg_arrival_tiny_c, layout_basic, chequers_serial_rivers_micro_d,
          hex_large
D:2:      layout_rooms, basic_altar, uniq_crazy_yiuf_cottage
D:3:      layout_basic, minmay_misc_feat_nine_boxes, kennysheep_generic_room_16,
          uniq_jessica, uniq_ijyb, uniq_terence
D:4:      layout_cave_pods, mainiacjoe_overflow_six_doors_small, serial_rivers,
          chequers_serial_rivers_small_3, chequers_serial_rivers_micro_c,
          chequers_serial_rivers_micro_c, chequers_serial_rivers_micro_d,
          chequers_serial_rivers_micro_b, chequers_serial_rivers_micro_d,
          nicolae_shop_clearance, uniq_menkaure, uniq_edmund
D:5:      layout_layer_cave, overflow_temple_1_default,
          mainiacjoe_overflow_24_doors, minmay_temple_entry_enclosed_plants,
          uniq_sigmund
D:6:      layout_cave_pods, nicolae_overflow_guarded_unrand_okawaru_victory,
          worldfamousw_hep_ancestral_shrine
D:7:      kennysheep_seaside_town, layout_basic, mainiacjoe_overflow_alcove_2
D:8:      layout_layer_cave, pdpol_wu_jian_five_deadly_venoms, uniq_amaemon,
          uniq_grum
D:9:      layout_basic, grunt_temple_overflow_diamond, enter_bailey_5,
          uniq_erolcha, uniq_erica
D:10:     layout_loops_cross, dpeg_oklobed_lair,
          ploomutoo_gammafunk_ghost_potion_laboratory, nicolae_shop_gadgets
D:11:     layout_rooms, david_orc_1_choice
Temple:   hellmonk_temple_forest_ring
Lair:1:   layout_misc_corridors
Lair:2:   layout_gridlike
Lair:3:   layout_layer_cave, shoals_dummy_entry,
          hellmonk_spider_entry_life_and_decay, uniq_nergalle
Lair:4:   layout_roguey, slime_entry_1
Lair:5:   minmay_lair_end_frog_pond, layout_regular_city, serial_bayou_pond_d,
          grunt_megastairs_4
Spider:1: layout_chambers, drop_trap
Orc:1:    minmay_goldmine, layout_diamond_mine, nicolae_volcano_entry_batcave,
          serial_shops, nicolae_shop_tiny_glass
Orc:2:    st_orc_town, layout_diamond_mine, serial_shops, shop,
          kennysheep_orc_chapel

Skill      XL: |  1  2  3  4  5  6  7  8  9 10 11 12 13 14 |
---------------+-------------------------------------------+-----
Fighting       | 2 3 4 5 8 10 12 13 | 13.9
Dodging        | 3 4 5 6 7 10 12 15 17 18 | 18.0
Shapeshifting  | 4 6 7 8 10 11 12 13 | 13.9
Unarmed Combat | 4 5 9 12 13 | 13.9
Transmutations | 1 |  1.9
Spellcasting   | 1 |  1.0

Action                     |  1- 3 |  4- 6 |  7- 9 | 10-12 | 13-15 || total
---------------------------+-------+-------+-------+-------+-------++-------
  Melee: Unarmed           |    86 |   143 |   478 |  1005 |   978 ||  2690
         Bite              |    11 |    17 |    68 |   182 |   134 ||   412
         Punch             |     1 |     6 |       |     8 |    77 ||    92
   Cast: Passwall          |       |       |       |       |    14 ||    14
 Invoke: Call Merchant     |       |       |       |     1 |       ||     1
         Potion Petition   |       |       |       |       |     2 ||     2
  Evoke: Wand              |       |    11 |     4 |    14 |     3 ||    32
    Use: Scroll            |       |     9 |     4 |     9 |     7 ||    29
         Potion            |       |       |     4 |     2 |     5 ||    11
   Stab: Sleeping          |       |     4 |     1 |       |     2 ||     7
         Paralysed         |       |    16 |       |     3 |       ||    19
         Invisible         |       |       |     1 |     2 |       ||     3
         Distracted        |       |       |     1 |     3 |     3 ||     7
 Armour: Skin              |    24 |    36 |   169 |   216 |   223 ||   668
  Dodge: Dodged            |    77 |   105 |   516 |  1093 |   918 ||  2709
   Form: Flux              |       |       |     1 |       |       ||     1
         Blade             |       |       |       |     1 |       ||     1

Table legend: (Time is in decaauts)
 A = Elapsed time spent in this place.
 B = Non-inter-level travel time spent in this place.
 C = Inter-level travel time spent in this place.
 D = Time resting spent in this place.
 E = Time spent auto-exploring this place.
 F = Levels seen in this place.
 G = Mean time per level.
                   A        B        C        D        E       F      G
               +--------+--------+--------+--------+--------+-----+--------+
         Total |  23616 |  20625 |   2991 |   5273 |   8180 |  22 | 1073.5 |
       Dungeon |  12816 |  10843 |   1973 |   2775 |   4703 |  11 | 1165.1 |
        Temple |     15 |     13 |      2 |      0 |      0 |   1 |   15.0 |
          Lair |   6741 |   6049 |    692 |   1641 |   2506 |   5 | 1348.2 |
   Spider Nest |    548 |    548 |      0 |     42 |    185 |   1 |  548.0 |
  Orcish Mines |   2770 |   2448 |    322 |    673 |    785 |   2 | 1385.0 |
        Bailey |    347 |    347 |      0 |     59 |      0 |   1 |  347.0 |
       Volcano |    377 |    377 |      0 |     82 |      0 |   1 |  377.0 |
               +--------+--------+--------+--------+--------+-----+--------+

Top non-repeatable levels by time:
     D:7: 2349 daAuts
    D:10: 1630 daAuts
  Lair:5: 1576 daAuts
  Lair:1: 1546 daAuts
  Lair:3: 1504 daAuts
   Orc:2: 1503 daAuts
     D:6: 1366 daAuts
   Orc:1: 1266 daAuts
     D:8: 1260 daAuts
     D:5: 1204 daAuts
  Lair:4: 1184 daAuts
     D:9: 1176 daAuts
     D:4: 1063 daAuts
  Lair:2: 929 daAuts
     D:3: 801 daAuts
